Map: Hard Lead LE

Players

aversabilis - Winner!

  • Race: Protoss Protoss
  • League: Diamond
  • Spawn Location: 5:00

BtkEX

  • Race: Zerg Zerg
  • League: Diamond
  • Spawn Location: 11:00

VOD

Have the link to the VOD?

Description

Me losing to turtle protoss

Time

  • Played on: March 15, 2024, 1:17 p.m.
  • Length: 17:56
Show
View Real Time Build Order
Export as new Build Order

aversabilis Protoss - Winner!

Build Orders: Carriers 

Get SALT Encoding   

  12  0:00  Probe  
  13  0:12  Probe  
  14  0:20  Pylon  
  14  0:25  Probe  
  15  0:38  Probe  
  15  0:41  Forge  
  16  0:50  Probe  
  16  0:53  Pylon  
  17  1:02  Probe  
  18  1:15  Photon Cannon  
  18  1:17  Photon Cannon  
  18  1:42  Probe (Chrono Boost)  
  19  1:53  Probe (Chrono Boost)  
  20  1:58  Probe (Chrono Boost)  
  21  2:02  Nexus  
  21  2:07  Photon Cannon  
  21  2:09  Probe (Chrono Boost)  
  22  2:21  Probe (Chrono Boost)  
  23  2:25  Gateway  
  23  2:28  Probe (Chrono Boost)  
  23  2:29  Assimilator  
  24  2:35  Assimilator, Probe (Chrono Boost)  
  25  2:46  Photon Cannon  
  25  2:47  Probe (Chrono Boost)  
  26  2:55  Probe (Chrono Boost)  
  27  3:01  Probe  
  27  3:04  Pylon  
  28  3:08  Pylon  
  28  3:12  Pylon  
  28  3:23  Pylon  
  28  3:35  Cybernetics Core  
  28  3:37  Probe  
  28  3:39  Probe  
  30  3:45  Photon Cannon  
  30  3:48  Photon Cannon  
  30  3:57  Probe  
  31  4:11  Stargate  
  31  4:14  Stargate  
  31  4:15  Stalker (Chrono Boost)  
  33  4:22  Shield Battery, Probe x2  
  33  4:23  Shield Battery  
  35  4:25  Warp Gate  
  35  4:40  Stalker (Chrono Boost)  
  35  4:41  Assimilator  
  37  4:57  Probe  
  38  5:05  Probe  
  38  5:06  Void Ray  
  43  5:09  Probe  
  44  5:14  Assimilator  
  44  5:16  Stalker  
  44  5:17  Probe  
  44  5:21  Probe  
  52  5:27  Void Ray (Chrono Boost), Photon Cannon  
  52  5:30  Probe  
  52  5:33  Probe  
  54  5:35  Pylon  
  54  5:42  Probe  
  54  5:45  Probe  
  54  5:49  Void Ray (Chrono Boost)  
  63  6:06  Void Ray (Chrono Boost)  
  63  6:21  Photon Cannon  
  63  6:22  Photon Cannon  
  63  6:23  Photon Cannon  
  63  6:32  Void Ray  
  67  6:33  Photon Cannon  
  67  6:35  Photon Cannon  
  67  6:38  Probe  
  68  6:42  Protoss Shields Level 1  
  68  6:50  Probe  
  69  6:57  Pylon  
  69  6:59  Pylon  
  69  7:02  Probe  
  74  7:21  Void Ray  
  78  7:54  Fleet Beacon  
  78  7:55  Void Ray  
  82  8:04  Nexus, Void Ray  
  82  8:08  Pylon  
  82  8:10  Pylon  
  82  8:21  Probe x2  
  84  8:28  Shield Battery  
  84  8:30  Shield Battery  
  84  8:32  Photon Cannon  
  84  8:33  Probe x2  
  84  8:34  Photon Cannon  
  86  8:37  Photon Cannon  
  86  8:38  Photon Cannon  
  86  8:45  Probe x2  
  86  8:47  Carrier (Chrono Boost)  
  94  8:57  Probe x2  
  94  9:00  Carrier (Chrono Boost)  
  102  9:07  Protoss Air Weapons Level 1  
  102  9:09  Assimilator  
  102  9:13  Assimilator  
  102  9:16  Probe x2  
  104  9:24  Twilight Council  
  104  9:28  Probe  
  104  9:31  Probe  
  106  9:34  Probe  
  106  9:37  Carrier (Chrono Boost)  
  107  9:40  Probe  
  107  9:43  Probe  
  115  9:46  Probe  
  116  9:55  Pylon, Probe  
  116  9:58  Pylon  
  117  10:02  Protoss Shields Level 2  
  117  10:03  Pylon  
  117  10:07  Pylon  
  117  10:13  Probe  
  118  10:19  Photon Cannon  
  118  10:21  Photon Cannon  
  118  10:23  Photon Cannon  
  118  10:26  Photon Cannon  
  118  10:28  Carrier (Chrono Boost)  
  118  10:29  Shield Battery  
  118  10:31  Shield Battery  
  118  10:32  Carrier (Chrono Boost)  
  130  10:46  Stargate  
  130  10:48  Stargate  
  130  11:32  Nexus  
  130  11:37  Pylon  
  130  11:38  Pylon  
  130  11:40  Protoss Air Weapons Level 2  
  130  11:41  Carrier x3 (Chrono Boost)  
  130  11:42  Pylon  
  148  11:52  Carrier (Chrono Boost)  
  154  12:14  Photon Cannon x2  
  154  12:16  Photon Cannon  
  154  12:18  Photon Cannon  
  154  12:20  Photon Cannon  
  154  12:22  Shield Battery  
  154  12:24  Shield Battery  
  154  12:25  Shield Battery  
  154  12:26  Probe  
  154  12:27  Probe x2  
  157  12:32  Protoss Shields Level 3  
  157  12:39  Probe x3  
  160  12:54  Flux Vanes  
  140  13:41  Carrier x4 (Chrono Boost)  
  156  14:00  Robotics Facility  
  156  14:03  Assimilator  
  156  14:06  Assimilator  
  156  14:11  Photon Cannon  
  156  14:14  Photon Cannon  
  162  14:17  Photon Cannon  
  162  14:26  Mothership  
  162  14:35  Carrier x2 (Chrono Boost)  
  174  14:39  Protoss Air Weapons Level 3  
  174  14:43  Void Ray (Chrono Boost)  
  174  14:44  Void Ray (Chrono Boost)  
  182  14:52  Observer  
  183  15:03  Pylon  
  183  15:07  Pylon x2  
  182  15:28  Void Ray x2 (Chrono Boost)  
  192  15:38  Void Ray x2 (Chrono Boost)  
  186  16:01  Observer  
  195  16:05  Void Ray x2 (Chrono Boost)  
  195  16:09  Void Ray (Chrono Boost)  
  196  16:21  Void Ray (Chrono Boost)  
  176  17:11  Void Ray x3  
  176  17:12  Void Ray  
Show
View Real Time Build Order
Export as new Build Order

BtkEX Zerg 

Build Orders: Hatch First, Ravager All-In 

Get SALT Encoding   

  12  0:00  Drone  
  13  0:12  Overlord  
  13  0:17  Drone  
  14  0:30  Drone x2  
  16  0:49  Hatchery  
  15  0:55  Drone  
  16  1:00  Extractor, Drone  
  16  1:12  Spawning Pool  
  15  1:21  Extractor  
  15  1:23  Drone x2  
  15  1:24  Drone  
  18  1:47  Overlord  
  18  1:58  Queen  
  19  2:02  Roach Warren  
  18  2:09  Hatchery  
  17  2:21  Drone  
  18  2:23  Drone x2  
  20  2:43  Roach  
  20  2:44  Roach  
  24  2:51  Queen  
  24  2:54  Overlord  
  26  3:05  Ravager x2  
  28  3:09  Roach  
  30  3:13  Roach  
  30  3:14  Roach  
  30  3:19  Drone  
  35  3:43  Drone  
  35  3:44  Drone x4  
  40  3:54  Queen  
  42  4:14  Overlord  
  42  4:17  Lair  
  42  4:20  Drone x2  
  44  4:30  Overlord  
  44  4:34  Overlord  
  44  4:37  Ravager x2  
  44  4:38  Ravager  
  47  4:57  Overlord  
  47  4:58  Drone  
  47  4:59  Drone x8  
  56  5:20  Queen  
  58  5:23  Spore Crawler  
  58  5:24  Roach x2  
  58  5:26  Hatchery  
  58  5:28  Glial Reconstitution  
  60  5:47  Hydralisk Den  
  59  5:53  Drone  
  59  5:54  Drone x8  
  59  5:56  Extractor  
  67  5:57  Overlord  
  67  5:58  Extractor  
  66  6:07  Queen  
  65  6:14  Spore Crawler  
  61  6:22  Evolution Chamber  
  61  6:23  Evolution Chamber  
  59  6:25  Spore Crawler  
  59  6:26  Drone x2  
  59  6:27  Drone  
  59  6:28  Drone x3  
  64  6:39  Grooved Spines  
  64  6:41  Queen  
  64  6:42  Drone x2  
  68  6:55  Zerg Missile Weapons Level 1, Zerg Ground Armor Level 1  
  68  7:05  Hydralisk x4  
  76  7:14  Spore Crawler  
  75  7:16  Queen  
  75  7:20  Queen  
  79  7:28  Hydralisk x2  
  79  7:29  Hydralisk, Muscular Augments  
  80  7:50  Overlord x4  
  80  7:58  Overlord  
  80  8:07  Queen x2  
  80  8:10  Drone x5  
  80  8:11  Drone  
  90  8:30  Hydralisk  
  90  8:31  Hydralisk x4  
  90  8:33  Overlord  
  100  8:39  Infestation Pit  
  99  8:41  Spore Crawler  
  98  8:53  Overlord  
  98  8:54  Overlord  
  98  8:58  Drone  
  98  8:59  Drone  
  98  9:00  Drone x3  
  103  9:05  Drone  
  103  9:06  Drone x3  
  103  9:07  Hydralisk  
  103  9:08  Hydralisk x2  
  113  9:10  Overlord  
  113  9:20  Extractor  
  113  9:21  Extractor  
  113  9:23  Hive  
  111  9:31  Hydralisk x5  
  121  9:50  Hydralisk  
  121  9:51  Hydralisk x3  
  129  9:56  Hatchery  
  126  10:08  Roach  
  126  10:09  Roach x7  
  142  10:28  Overlord x2  
  142  10:33  Spire  
  141  10:38  Drone x5  
  146  10:44  Overlord x3  
  146  10:48  Ravager  
  146  10:49  Ravager x8  
  148  11:22  Drone x11  
  148  11:24  Queen  
  161  11:26  Extractor  
  161  11:27  Extractor  
  161  11:31  Spire  
  158  11:38  Drone  
  158  11:39  Drone x2  
  161  11:47  Corruptor  
  161  11:48  Corruptor x4  
  161  11:53  Hatchery  
  170  11:54  Drone x3  
  170  11:55  Drone  
  174  12:02  Overlord x2  
  174  12:03  Overlord  
  174  12:14  Overlord x3  
  174  12:17  Zerg Flyer Weapons Level 1  
  174  12:34  Drone  
  174  12:35  Drone x4  
  179  12:41  Corruptor  
  179  12:42  Corruptor x6  
  193  12:55  Zerg Flyer Armor Level 1  
  193  13:04  Drone  
  193  13:05  Drone x3, Queen  
  157  13:34  Corruptor  
  157  13:35  Corruptor x13  
  157  13:37  Swarm Host  
  157  13:38  Corruptor  
  168  13:49  Drone x4  
  168  13:51  Viper, Extractor  
  168  13:52  Viper  
  177  14:12  Zerg Flyer Weapons Level 2  
  177  14:16  Corruptor x3  
  183  14:36  Overlord x2  
  183  14:38  Viper x2  
  189  14:46  Hatchery  
  189  14:50  Hydralisk x2  
  189  14:51  Hydralisk x3  
  198  15:07  Overseer x2  
  198  15:18  Extractor  
  185  16:10  Spore Crawler  
  184  16:11  Spore Crawler  
  184  16:12  Spore Crawler x3  
  180  16:20  Corruptor x10  
  180  16:25  Spore Crawler x3  
  198  16:26  Spore Crawler  
  198  16:28  Spore Crawler  
  198  16:31  Drone  
  198  16:32  Drone x2  
  112  16:54  Corruptor  
  112  16:55  Corruptor x18  
  150  17:10  Corruptor x3  
  150  17:11  Corruptor  
Tags
 
Composition
Carriers
Matchup
PvZ
Spawn Locations
Cross Positions
Add a new tag
Caveats
  • Supply blocks, unpowered buildings, or Contaminate may cause inaccurate times.
  • Supply counts are checked every 10 seconds.